 Dungeon Crawl Stone Soup version 0.27-a0-323-gbd089401bb (webtiles) character file.

Game seed: 11699334976589956004

50 skwiii the Stinger (level 3, 0/19 HPs)
             Began as a Tengu Venom Mage on Feb 11, 2021.
             Succumbed to an adder's poison
             ... on level 1 of the Dungeon.
             The game lasted 00:08:03 (1294 turns).

skwiii the Stinger (Tengu Venom Mage)               Turns: 1294, Time: 00:08:04

Health: 0/19       AC:  3    Str:  5 (8)  XL:     3   Next: 79%
Magic:  2/7        EV: 13    Int: 15 (16) God:
Gold:   81         SH:  0    Dex: 13 (14) Spells: 3/6 levels left

rFire    . . .     SeeInvis .   (no weapon)
rCold    . . .     Faith    .   (no shield)
rNeg     . . .     Spirit   .   a - +1 robe
rPois    .         Reflect  .   (helmet restricted)
rElec    .         Harm     .   (no cloak)
rCorr    .         Rampage  .   (no gloves)
Will     .....                  (boots unavailable)
Stlth    ++........             (no amulet)
HPRegen  0.06/turn              (no ring)
MPRegen  0.10/turn              (no ring)

@: lethally poisoned (0 -> -3)
A: beak, talons 3
a: no special abilities


You were on level 1 of the Dungeon.
You visited 1 branch of the dungeon, and saw 2 of its levels.

You collected 81 gold pieces.

Inventory:

Hand Weapons
 d - a +0 dagger
 g - a +0 dagger
Armour
 a - a +1 robe (worn)
Scrolls
 e - 2 scrolls of enchant armour
 h - a scroll of identify {unknown}
 i - a scroll of teleportation {unknown}
 j - a scroll of blinking {unknown}
Potions
 f - a potion of curing {unknown}


   Skills:
 + Level 2.6 Dodging
 - Level 2.0 Stealth
 * Level 2.4 Spellcasting
 + Level 1.3 Transmutations
 + Level 0.6 Air Magic
 * Level 3.6 Poison Magic


You had 3 spell levels left.
You knew the following spells:

 Your Spells              Type           Power        Failure   Level
a - Sting                 Tmut/Pois      36%          8%          1
b - Poisonous Vapours     Pois/Air       16%          13%         2

Your spell library contained the following spells:

 Spells                   Type           Power        Failure   Level
 Ignite Poison            Fire/Tmut/Pois 6%           32%         3
 Mephitic Cloud           Conj/Pois/Air  6%           34%         3
 Olgreb's Toxic Radiance  Pois           12%          43%         4


Dungeon Overview and Level Annotations

Branches:
Dungeon (2/15)

Altars:
Nemelex Xobeh


Innate Abilities, Weirdness & Mutations

You have a beak for a mouth.
You have claws for feet.


Message History

The adder poisons you!
There is an escape hatch in the floor here.
Casting: Poisonous Vapours (safe; 12% risk of failure)
Confirm with . or Enter, or press ? or * to list all spells.
You don't have enough magic to cast that spell.
Unknown command.
Aiming: Sting (safe; 7% risk of failure)
Press: ? - help, Q - select action, (/) - cycle Shift-Dir - straight line, f - adder
Aim: an adder (lightly wounded, 52% to evade)
The sting misses the adder.
You feel sick. The adder bites you.
You are more poisoned.
The adder poisons you!
You feel sick.
You feel sick. The adder completely misses you.
You feel sick.
You feel sick. The adder bites you.
* * * LOW HITPOINT WARNING * * *
* * * LOW HITPOINT WARNING * * *
You feel sick. The adder misses you.
* * * LOW HITPOINT WARNING * * *
You feel sick. The adder closely misses you.
There is a stone staircase leading up here.
You can't go down here!
The adder misses you.
You climb upwards.
* * * LOW HITPOINT WARNING * * *
You feel sick.
There is a stone staircase leading down here.
It was a potion of degeneration.
There was something very wrong with that liquid.
You feel weakened.
You feel dopey.
You feel clumsy. The adder barely misses you.
Casting: Sting (safe; 8% risk of failure)
Confirm with . or Enter, or press ? or * to list all spells.
You don't know that spell.
It was a potion of cancellation.
You feel magically purged.
You die...

.#.##.#.###.#######........#
...##.#.###.######.....#.#.#
.......................>...#
.####...######.###.........#
.# #.### ##.####........# .#
#.# #.#......##...## .# #.#
### ##.#####.##...# ##
##.###.###...## #.##...#
###♣.♣♣.[§§§§...@###.##...#
§..♣♣..♣.§§§....S.##.##...#
.♣♣§8.8♣.♣§♣..............#
♣°♣8...8♣☼♣♣......#####...#
♣°8..⌠..8.♣.♣.............#
♣8......§8♣.♣...#######.#.###
♣..⌠.<.⌠.......########.#...#
.8.......8§♣♣#........†..##.#
♣.8..⌠.§8♣♣§♣##########..##.#


You could see an adder.

Vanquished Creatures
  2 adders (D:2)
  4 leopard geckos
  A giant cockroach (D:1)
  5 goblins
  3 hobgoblins
  6 kobolds
  A bat (D:1)
  2 frilled lizards (D:1)
  3 rats (D:1)
27 creatures vanquished.

Notes
Turn   | Place    | Note
-------+----------+-------------------------------------------
     0 | D:1      | skwiii the Tengu Venom Mage began the quest for the Orb.
     0 | D:1      | Reached XP level 1. HP: 10/10 MP: 4/4
   141 | D:1      | Reached skill level 1 in Transmutations
   141 | D:1      | Reached XP level 2. HP: 15/15 MP: 4/6
   149 | D:1      | Learned a level 2 spell: Poisonous Vapours
   915 | D:2      | Reached XP level 3. HP: 19/19 MP: 4/7
  1197 | D:2      | Found a sparkling altar of Nemelex Xobeh.
  1294 | D:1      | Succumbed to an adder's poison

Illustrated notes

Levels and vault maps discovered:
D:1:      heliophobic_arrival_enchanted_forest, layout_loops_ring
D:2:      minmay_chambers_of_ones, layout_loops_cross,
          overflow_temple_1_default, overflow_temple_1_default,
          minmay_tromino_v4_a, uniq_sigmund

Skill      XL: |  1 |
---------------+----+-----
Transmutations | 1 |  1.3
Dodging        | |  2.6
Stealth        | |  2.0
Spellcasting   | |  2.4
Air Magic      | |  0.6
Poison Magic   | |  3.6

Action                   || total
-------------------------++-------
 Cast: Sting             ||    16
       Poisonous Vapours ||    23
  Use: Scroll            ||     1
       Potion            ||     2
Armor: Robe              ||     4
Dodge: Dodged            ||    29

Table legend: (Time is in decaauts)
 A = Elapsed time spent in this place.
 B = Non-inter-level travel time spent in this place.
 C = Inter-level travel time spent in this place.
 D = Time resting spent in this place.
 E = Time spent auto-exploring this place.
 F = Levels seen in this place.
 G = Mean time per level.
                   A        B        C        D        E       F      G
               +--------+--------+--------+--------+--------+-----+--------+
         Total |   1294 |   1253 |     41 |    282 |    202 |   2 |  647.0 |
       Dungeon |   1294 |   1253 |     41 |    282 |    202 |   2 |  647.0 |
               +--------+--------+--------+--------+--------+-----+--------+

Top non-repeatable levels by time:
     D:1: 890 daAuts
     D:2: 403 daAuts
